 Dungeon Crawl Stone Soup version 0.28-a0-48-gfd831c5874 (webtiles) character file.

Game seed: 6914131274347272714

4 Spectrina the Sneak (level 1, -3/13 HPs)
             Began as a Deep Elf Delver on July 30, 2021.
             Succumbed to an adder's poison
             ... on level 2 of the Dungeon.
             The game lasted 00:01:11 (159 turns).

Spectrina the Sneak (Deep Elf Delver)                Turns: 159, Time: 00:01:11

Health: -3/13      AC:  3    Str:  9    XL:     1   Next: 58%
Magic:  5/5        EV: 12    Int: 14    God:
Gold:   4          SH:  0    Dex: 16    Spells: 3/3 levels left

rFire   . . .      SeeInvis .   h - +0 bardiche
rCold   . . .      Faith    .   (shield currently unavailable)
rNeg    . . .      Spirit   .   b - +0 leather armour
rPois   .          Reflect  .   (no helmet)
rElec   .          Harm     .   (no cloak)
rCorr   .          Rampage  .   (no gloves)
Will    .....                   (no boots)
Stlth   +++.......              (no amulet)
HPRegen 0.04/turn               (no ring)
MPRegen 0.09/turn               (no ring)

@: lethally poisoned (-3 -> -16)
A: no striking features
a: no special abilities


You were on level 2 of the Dungeon.
You visited 1 branch of the dungeon, and saw 4 of its levels.

You collected 4 gold pieces.

Inventory:

Hand Weapons
 a - a +0 short sword
 h - a +0 bardiche (weapon)
Armour
 b - a +0 leather armour (worn)
Wands
 g - a wand of digging (3)
Scrolls
 c - a scroll of fog
 d - a scroll of magic mapping
 e - a scroll of fear
 i - a scroll of summoning {unknown}
Potions
 f - a potion of haste


   Skills:
 - Level 2.4 Fighting
 - Level 2.0 Short Blades
 - Level 2.4 Dodging
 - Level 6.0 Stealth
 + Level 1.6 Spellcasting


You had 3 spell levels left.
You didn't know any spells.
Your spell library was empty.

Dungeon Overview and Level Annotations

Branches:
Dungeon (5/15)
 Temple: D:4-7

Altars:


Message History

You see here a +0 short sword.
You now have 4 gold pieces.
There is an escape hatch in the floor here.
A bat comes into view.
Reach: h) +0 bardiche
Press: ? - help, Dir - move target, f - you
Okay, then.
Reach: h) +0 bardiche
Press: ? - help, Dir - move target, f - bat
Aim: a bat (about 77% to evade your +0 bardiche)
You reach to attack!
You closely miss the bat. The bat barely misses you. The bat hits you.
Reach: h) +0 bardiche
Press: ? - help, Dir - move target, f/p - bat
Aim: a bat (about 77% to evade your +0 bardiche)
You reach to attack!
You barely miss the bat. The bat closely misses you. The bat hits you.
Reach: h) +0 bardiche
Press: ? - help, Dir - move target, f/p - bat
Aim: a bat (about 77% to evade your +0 bardiche)
You closely miss the bat. The bat hits you but does no damage.
The bat barely misses you.
You slash the bat!
You kill the bat!
An adder comes into view.
Reach: h) +0 bardiche
Press: ? - help, Dir - move target, f - adder
Aim: an adder (asleep, about 2% to evade your +0 bardiche)
You reach to attack!
The helpless adder fails to defend itself.
You hit the adder but do no damage. The adder closely misses you. x2
You miss the adder. The adder bites you.
You are lethally poisoned!
The adder poisons you! The adder closely misses you. The adder bites you.
* * * LOW HITPOINT WARNING * * *
You are more poisoned.
The adder poisons you!
Unknown command.
You closely miss the adder.
You die...

......# ####.##.#
......# ####....##.#
......# #....##..#.#
......###.#..##..#.#
#.#..........#.....#
#...##########.##..#
#.#.# #.##..# #
#...# #.....#....
##### ###@.......
#S....... #........
#........ #........
#........ #........
#........


You could see an adder.

Vanquished Creatures
  A dart slug (D:5)
  A bat (D:2)
  2 rats (D:2)
4 creatures vanquished.

Notes
Turn   | Place    | Note
-------+----------+-------------------------------------------
     0 | D:5      | Spectrina the Deep Elf Delver began the quest for the Orb.
     0 | D:5      | Reached XP level 1. HP: 13/13 MP: 3/3
    18 | D:5      | Noticed a scorpion
    30 | D:5      | Reached skill level 1 in Spellcasting
   159 | D:2      | Succumbed to an adder's poison

Illustrated notes

Levels and vault maps discovered:
D:2:      layout_basic
D:3:      cheibrodos_thug_alley, layout_basic, okawaru_gym_becter,
          zin_scriptorium, shapermc_ecumenical_altar_flowoftime
D:4:      layout_basic, corexii_shack
D:5:      kennysheep_windowed_halls, layout_rooms,
          minmay_temple_entry_statues_pillars, lemuel_flamethrower_1, uniq_ijyb

Skill      XL: |  1 |
---------------+----+-----
Spellcasting   | 1 |  1.6
Fighting       | |  2.4
Short Blades   | |  2.0
Dodging        | |  2.4
Stealth        | |  6.0

Action                   || total
-------------------------++-------
Melee: Bardiche          ||    13
       Short sword       ||     9
 Stab: Sleeping          ||     3
Armor: Leather armour    ||     3
Dodge: Dodged            ||    14

Table legend: (Time is in decaauts)
 A = Elapsed time spent in this place.
 B = Non-inter-level travel time spent in this place.
 C = Inter-level travel time spent in this place.
 D = Time resting spent in this place.
 E = Time spent auto-exploring this place.
 F = Levels seen in this place.
 G = Mean time per level.
                   A        B        C        D        E       F      G
               +--------+--------+--------+--------+--------+-----+--------+
         Total |    169 |    169 |      0 |      0 |      0 |   4 |   42.2 |
       Dungeon |    169 |    169 |      0 |      0 |      0 |   4 |   42.2 |
               +--------+--------+--------+--------+--------+-----+--------+

Top non-repeatable levels by time:
     D:2: 97 daAuts
     D:5: 35 daAuts
     D:4: 32 daAuts
     D:3: 4 daAuts
